 Dungeon Crawl Stone Soup version 0.31-a0-844-gdc52ec4e09 (webtiles) character file.

Game seed: 6270656286246101787

34 WINGSOFCHICKEN the Caller (level 3, -1/20 HPs)
             Began as a Kobold Summoner on Sept 30, 2023.
             Slain by a kobold
             ... wielding a +0 dagger
              (2 damage)
             ... on level 2 of the Dungeon.
             The game lasted 00:23:49 (1479 turns).

WINGSOFCHICKEN the Caller (Kobold Summoner)         Turns: 1479, Time: 00:23:56

Health: -1/20      AC:  2    Str:  5    XL:     3   Next: 50%
Magic:  15/15      EV: 15    Int: 18    God:
Gold:   134        SH:  0    Dex: 15    Spells: 5/6 levels left

rFire   . . .        g - +1 dagger (vamp)
rCold   . . .        (no shield)
rNeg    . . .        a - +0 robe
rPois   .            (helmet currently unavailable)
rElec   .            (cloak currently unavailable)
rCorr   .            (gloves currently unavailable)
SInv    .            (boots currently unavailable)
Will    .....        (no amulet)
Stlth   +++          r - ring of magical power
HPRegen 0.23/turn    (no ring)
MPRegen 0.14/turn

%: no passive effects
@: lethally poisoned (-1 -> -5), beast-form
A: beast (slay +0), small, no large weapons, nightstalker 3
a: Begin Untransformation


You were on level 2 of the Dungeon.
You were a hulking beast.
You visited 1 branch of the dungeon, and saw 2 of its levels.

You collected 134 gold pieces.

Inventory:

Hand Weapons
 e - a +0 mace
 f - a +0 dagger
 g - a +1 vampiric dagger (weapon)
 i - a +0 club
 l - a +0 dagger
 o - a +0 short sword
 q - a +0 club
Missiles
 d - 26 stones
 h - 3 poisoned darts (quivered)
Armour
 a - a +0 robe (worn)
 c - a +0 leather armour
 j - a +0 leather armour
 p - a +0 chain mail
Jewellery
 r - a ring of magical power (left hand)
Talismans
 s - a beast talisman (active)
Scrolls
 m - a scroll of identify
Potions
 b - a potion of magic
 k - a potion of heal wounds
 n - a potion of haste {unknown}


   Skills:
 + Level 1.1 Fighting
 + Level 0.4 Short Blades
 + Level 2.6 Dodging
 + Level 2.9 Stealth
 + Level 2.4 Spellcasting
 + Level 4.5 Summonings


You had 5 spell levels left.
You knew the following spells:

 Your Spells              Type           Power      Damage    Failure   Level
a - Summon Small Mammal   Summ           72%        N/A       2%          1

Your spell library contained the following spells:

 Spells                   Type           Power      Damage    Failure   Level
 Call Imp                 Summ           36%        N/A       4%          2
 Call Canine Familiar     Summ           18%        N/A       8%          3
 Summon Guardian Golem    Hex/Summ       10%        N/A       21%         3
 Summon Lightning Spire   Summ/Air       10%        N/A       56%         4


Dungeon Overview and Level Annotations

Branches:
Dungeon (2/15)

Altars:


Innate Abilities, Weirdness & Mutations

You are a hulking beast.
Your limbs bulge with bestial killing power. (Slay +0)
You are small and have problems with some larger weapons.
You are completely attuned to the shadows.


Message History

Your bat hits the hobgoblin but does no damage.
The hobgoblin hits you. The adder closely misses you.
Your bat hits the hobgoblin but does no damage.
You hit the hobgoblin but do no damage.
Your bat hits the hobgoblin but does no damage.
Your bat closely misses the hobgoblin.
The adder bites you. The hobgoblin closely misses you.
The hobgoblin misses you.
Your bat misses the hobgoblin. You hit the hobgoblin but do no damage.
Your bat misses the hobgoblin.
Your bat hits the hobgoblin but does no damage.
The adder completely misses you. The kobold hits you but does no damage.
The hobgoblin completely misses you. The hobgoblin closely misses you.
Your bat hits the hobgoblin but does no damage.
You closely miss the hobgoblin.
Your bat hits the hobgoblin but does no damage.
The adder barely misses you.
Your bat barely misses the hobgoblin.
The kobold misses you. The hobgoblin barely misses you. The hobgoblin hits you.
You closely miss the hobgoblin.
Your bat barely misses the hobgoblin. x2
The adder closely misses you.
Your bat closely misses the hobgoblin.
The kobold hits you with a +0 dagger. The adder completely misses you.
The hobgoblin hits you.
* * * LOW HITPOINT WARNING * * *
The hobgoblin closely misses you.
You hit the hobgoblin.
The hobgoblin is moderately wounded.
Your bat hits the hobgoblin but does no damage.
Your bat barely misses the hobgoblin.
Your bat hits the hobgoblin but does no damage.
The adder closely misses you. The kobold hits you with a +0 dagger.
* * * LOW HITPOINT WARNING * * *
The hobgoblin barely misses you. x2
As you read the scroll labelled ICSIDEO EBBENO, it crumbles to dust.
It is a scroll of identify.
k - a potion of heal wounds Your bat closely misses the hobgoblin. x2; The adder bites you.
* * * LOW HITPOINT WARNING * * *
You are lethally poisoned!
The adder poisons you!
Your bat barely misses the hobgoblin.
The kobold hits you with a +0 dagger.
You die...

#.# ##'##
##...##
#.....##
.#.#.#.#.##
..........##.
.#.#.#.#.#'..#
....gb.......#
.#.#h#.#.###..
...KSg....# ##
.#.#J#.#.##
..........#
.#.#.#.#.##
.........


You could see an adder (ally target), an endoplasm, 2 hobgoblins, a kobold and a
friendly bat (summoned).

Vanquished Creatures
  An adder (D:2)
  A ball python (D:2)
  2 bats (D:1)
  An endoplasm (D:2)
  A giant cockroach (D:1)
  2 goblins (D:1)
  A hobgoblin (D:1)
  A kobold (D:1)
  A rat (D:1)
11 creatures vanquished.

Vanquished Creatures (collateral kills)
  A bat (D:1)
  An endoplasm (D:1)
  A giant cockroach (D:1)
  A goblin (D:1)
  A hobgoblin (D:1)
  A ball python (D:1)
  2 frilled lizards (D:1)
  2 kobolds (D:1)
10 creatures vanquished.

Grand Total: 21 creatures vanquished

Notes
Turn   | Place    | Note
-------+----------+-------------------------------------------
     0 | D:1      | WINGSOFCHICKEN the Kobold Summoner began the quest for the
                  | Orb.
     0 | D:1      | Reached XP level 1. HP: 10/10 MP: 3/3
   143 | D:1      | Reached XP level 2. HP: 15/16 MP: 1/5
   637 | D:1      | Reached skill level 1 in Fighting
   764 | D:1      | Reached XP level 3. HP: 19/20 MP: 6/6
  1479 | D:2      | HP: 1/20 [adder (3)]
  1479 | D:2      | Slain by a kobold

Illustrated notes

Levels and vault maps discovered:
D:1:      dpeg_arrival_tiny_a, layout_basic
D:2:      layout_loops_corners, serial_glass, glass_columns_c, glass_columns_c,
          nrook_mini_backslash, st_stairs_11, minmay_pentomino_x4

Skill      XL: |  1  2 |
---------------+-------+-----
Fighting       | 1 |  1.1
Short Blades   | |  0.4
Dodging        | |  2.6
Stealth        | |  2.9
Spellcasting   | |  2.4
Summonings     | |  4.5

Action                     || total
---------------------------++-------
  Melee: Unarmed           ||     9
         Mace              ||     6
         Dagger            ||    39
         Punch             ||     2
   Cast: Summon Small Mamm ||    23
    Use: Scroll            ||     1
   Stab: Sleeping          ||     1
 Armour: Robe              ||    30
         Skin              ||     3
  Dodge: Dodged            ||    79
   Form: Beast             ||     1

Table legend: (Time is in decaauts)
 A = Elapsed time spent in this place.
 B = Non-inter-level travel time spent in this place.
 C = Inter-level travel time spent in this place.
 D = Time resting spent in this place.
 E = Time spent auto-exploring this place.
 F = Levels seen in this place.
 G = Mean time per level.
                   A        B        C        D        E       F      G
               +--------+--------+--------+--------+--------+-----+--------+
         Total |   1477 |   1281 |    196 |      0 |    565 |   2 |  738.5 |
       Dungeon |   1477 |   1281 |    196 |      0 |    565 |   2 |  738.5 |
               +--------+--------+--------+--------+--------+-----+--------+

Top non-repeatable levels by time:
     D:1: 946 daAuts
     D:2: 530 daAuts
